Map: Frozen Temple

Players

Lilbow

  • Race: Protoss Protoss
  • League: Master

iGJim (Jim) - Winner!

  • Race: Protoss Protoss
  • League: Master

Event: DreamHack ZOWIE Open Valencia 2016

VOD

Have the link to the VOD?

Description

Time

  • Played on: July 14, 2016, 1:09 p.m.
  • Length: 12:55

All games in this series

Show
View Real Time Build Order
Export as new Build Order

Lilbow Protoss 

Build Orders:  

Get SALT Encoding   

  12  0:00  Probe (Chrono Boost)  
  13  0:11  Probe (Chrono Boost)  
  14  0:18  Pylon  
  14  0:22  Probe (Chrono Boost)  
  15  0:36  Probe (Chrono Boost), Gateway  
  15  0:42  Assimilator  
  16  0:47  Probe (Chrono Boost)  
  17  0:57  Probe (Chrono Boost)  
  17  0:59  Assimilator  
  18  1:08  Probe (Chrono Boost)  
  18  1:09  Gateway  
  19  1:18  Probe (Chrono Boost)  
  19  1:23  Cybernetics Core  
  20  1:29  Probe (Chrono Boost)  
  20  1:32  Pylon  
  22  1:40  Probe (Chrono Boost)  
  22  1:50  Probe (Chrono Boost)  
  22  1:51  Warp Gate  
  23  1:55  Stalker  
  23  1:59  Stalker  
  29  2:08  Mothership Core (Chrono Boost)  
  29  2:12  Pylon  
  29  2:22  Sentry  
  31  2:32  Probe (Chrono Boost)  
  31  2:33  Stalker  
  35  2:44  Probe (Chrono Boost)  
  35  2:52  Sentry  
  37  2:58  Nexus  
  37  3:05  Pylon  
  37  3:20  Robotics Facility  
  37  3:29  Gateway  
  36  3:54  Stalker  
  36  3:55  Stalker  
  40  4:07  Immortal  
  38  4:18  Stalker x2  
  36  4:32  Stalker  
  38  4:41  Stalker  
  38  4:42  Stalker  
  42  4:58  Pylon  
  42  5:02  Phoenix  
  42  5:05  Stalker, Probe x2 (Chrono Boost)  
  42  5:06  Stalker  
  48  5:15  Stalker  
  50  5:27  Probe x2 (Chrono Boost)  
  48  5:42  Stalker x2  
  51  5:58  Probe (Chrono Boost)  
  51  5:59  Probe (Chrono Boost)  
  51  6:02  Pylon  
  51  6:14  Stalker  
  54  6:19  Probe (Chrono Boost)  
  54  6:22  Probe (Chrono Boost)  
  49  6:31  Probe (Chrono Boost)  
  48  6:37  Probe (Chrono Boost)  
  47  6:43  Probe (Chrono Boost)  
  46  6:49  Probe (Chrono Boost)  
  42  6:55  Probe (Chrono Boost)  
  42  6:59  Stalker  
  42  7:00  Stalker  
  47  7:01  Probe (Chrono Boost)  
  47  7:07  Probe (Chrono Boost)  
  48  7:13  Pylon, Probe (Chrono Boost)  
  48  7:15  Stalker  
  51  7:19  Probe (Chrono Boost)  
  48  7:26  Probe (Chrono Boost)  
  50  7:31  Probe (Chrono Boost)  
  51  7:38  Probe (Chrono Boost)  
  51  7:43  Probe (Chrono Boost)  
  52  7:49  Probe (Chrono Boost)  
  54  7:53  Probe (Chrono Boost)  
  54  7:55  Assimilator  
  54  7:56  Sentry x3  
  54  7:58  Assimilator  
  61  7:59  Probe (Chrono Boost)  
  61  8:03  Twilight Council  
  62  8:07  Pylon  
  62  8:09  Probe (Chrono Boost)  
  62  8:17  Pylon  
  62  8:25  Observer, Probe x2 (Chrono Boost)  
  65  8:27  Blink  
  65  8:36  Probe x2 (Chrono Boost)  
  65  8:38  Pylon, Phoenix  
  67  8:41  Immortal  
  67  8:47  Probe (Chrono Boost)  
  72  8:53  Mothership Core (Chrono Boost)  
  74  9:10  Nexus  
  74  9:14  Stalker, Sentry x2  
  82  9:18  Warp Prism  
  82  9:32  Gateway  
  82  9:33  Gateway  
  82  9:37  Sentry  
  82  9:38  Sentry  
  86  9:39  Pylon  
  86  9:43  Pylon  
  86  10:01  Stalker x3  
  92  10:18  Probe (Chrono Boost)  
  92  10:19  Probe (Chrono Boost)  
  94  10:25  Stalker x3  
  100  10:28  Stalker x2  
  101  10:50  Sentry x3  
  62  11:54  Nexus  
Show
View Real Time Build Order
Export as new Build Order

iGJim Protoss - Winner!

Build Orders:  

Get SALT Encoding   

  12  0:01  Probe (Chrono Boost)  
  13  0:11  Probe (Chrono Boost)  
  14  0:17  Pylon  
  14  0:22  Probe (Chrono Boost)  
  16  0:35  Probe (Chrono Boost), Gateway  
  16  0:42  Assimilator  
  16  0:46  Probe (Chrono Boost)  
  17  0:50  Assimilator  
  17  0:56  Probe (Chrono Boost)  
  18  1:03  Gateway  
  18  1:07  Probe (Chrono Boost)  
  19  1:17  Probe (Chrono Boost)  
  20  1:22  Cybernetics Core  
  20  1:28  Probe (Chrono Boost)  
  20  1:32  Pylon  
  21  1:38  Probe (Chrono Boost)  
  22  1:45  Warp Gate  
  22  1:49  Probe (Chrono Boost)  
  23  1:58  Stalker x2  
  23  2:00  Probe (Chrono Boost)  
  28  2:12  Gateway  
  30  2:18  Mothership Core (Chrono Boost)  
  30  2:22  Pylon  
  30  2:40  Stalker x2  
  34  2:47  Pylon  
  35  2:52  Probe (Chrono Boost)  
  35  3:00  Stalker  
  35  3:04  Probe (Chrono Boost)  
  38  3:10  Stalker  
  28  3:12  Stalker  
  42  3:20  Pylon  
  42  3:30  Stargate  
  42  3:54  Stalker x3  
  38  4:25  Stalker x2  
  38  4:26  Stalker  
  38  4:41  Probe (Chrono Boost)  
  38  4:45  Oracle  
  42  4:57  Probe (Chrono Boost)  
  42  4:59  Stalker, Zealot  
  43  5:01  Zealot  
  43  5:06  Pylon  
  45  5:10  Probe (Chrono Boost)  
  46  5:21  Stalker x2  
  48  5:23  Zealot  
  52  5:39  Nexus  
  52  5:40  Oracle  
  55  5:54  Pylon  
  55  5:57  Adept  
  57  6:02  Stalker  
  57  6:08  Probe (Chrono Boost)  
  56  6:12  Stalker  
  56  6:21  Stalker  
  54  6:28  Stalker  
  53  6:36  Stalker  
  54  6:40  Probe (Chrono Boost)  
  54  6:45  Stalker  
  54  6:52  Probe (Chrono Boost)  
  54  6:53  Probe (Chrono Boost)  
  50  6:55  Stalker  
  52  7:03  Stalker  
  52  7:05  Probe (Chrono Boost)  
  56  7:09  Probe (Chrono Boost)  
  56  7:15  Probe (Chrono Boost)  
  57  7:21  Probe (Chrono Boost)  
  55  7:27  Probe (Chrono Boost)  
  56  7:32  Robotics Facility  
  56  7:34  Probe (Chrono Boost)  
  57  7:37  Adept x2  
  57  7:40  Probe (Chrono Boost)  
  57  7:43  Assimilator  
  62  7:51  Sentry  
  62  7:53  Pylon, Probe (Chrono Boost)  
  62  7:55  Probe (Chrono Boost)  
  62  7:56  Assimilator  
  66  8:04  Zealot  
  66  8:05  Zealot  
  70  8:15  Twilight Council  
  70  8:18  Observer  
  70  8:22  Forge  
  69  8:34  Nexus  
  69  8:39  Blink, Immortal  
  67  8:43  Protoss Ground Weapons Level 1  
  71  9:01  Pylon, Sentry  
  75  9:10  Probe x2 (Chrono Boost)  
  75  9:13  Immortal  
  75  9:22  Probe (Chrono Boost)  
  81  9:24  Probe (Chrono Boost)  
  81  9:30  Stalker, Sentry  
  85  9:33  Stalker  
  87  9:44  Gateway  
  87  9:47  Gateway  
  87  9:54  Sentry  
  87  9:55  Stalker  
  87  9:57  Stalker  
  93  10:01  Immortal  
  97  10:15  Gateway  
  97  10:16  Gateway  
  97  10:21  Stalker, Sentry  
  99  10:27  Pylon  
  101  10:30  Stalker  
  95  10:55  Stalker x5  
  96  10:59  Pylon  
  72  11:15  Stalker x2  
  68  11:24  Sentry  

Tags
 
Add a new tag
Caveats
  • Supply blocks, unpowered buildings, or Contaminate may cause inaccurate times.
  • Supply counts are checked every 10 seconds.